 Dungeon Crawl Stone Soup version 0.30-a0-694-g3340775977 (webtiles) character file.

Game seed: 14278188743296461026

77 Decipherer the Trooper (level 4, -2/41 HPs)
             Began as a Minotaur Berserker on Jan 20, 2023.
             Was a Believer of Trog.
             Slain by an orc priest
             ... wielding a +0 mace
              (6 damage)
             ... on level 3 of the Dungeon.
             The game lasted 00:00:58 (1766 turns).

Decipherer the Trooper (Minotaur Berserker)         Turns: 1766, Time: 00:00:59

Health: -2/41      AC:  2    Str: 30    XL:     4   Next: 13%
Magic:  3/3        EV: 12    Int:  4    God:    Trog [**....]
Gold:   158        SH:  0    Dex:  9    Spells: 3/3 levels left

rFire   . . .      SeeInvis .    o - +0 trident
rCold   . . .      Faith    .    (no shield)
rNeg    . . .      Spirit   .    b - +0 animal skin
rPois   .          Reflect  .    (helmet restricted)
rElec   .          Harm     .    (no cloak)
rCorr   .          Rampage  .    (no gloves)
Will    .....                    (no boots)
Stlth   +                        (no amulet)
HPRegen 0.26/turn                h - +6 ring of strength
MPRegen 0.08/turn                (no ring)

@: no status effects
A: horns 2, retaliatory headbutt
a: Renounce Religion, Berserk, Trog's Hand


You were on level 3 of the Dungeon.
You worshipped Trog.
Trog was pleased with you.
You visited 1 branch of the dungeon, and saw 3 of its levels.

You collected 158 gold pieces.

Inventory:

Hand Weapons
 a - a +0 hand axe
 o - a +0 trident (weapon)
Missiles
 q - 4 poisoned darts
Armour
 b - a +0 animal skin (worn)
Jewellery
 h - a +6 ring of strength (left hand)
Scrolls
 d - 3 scrolls of vulnerability {unknown}
 j - 2 scrolls of fog {unknown}
 l - a scroll of blinking {unknown}
 m - 3 scrolls of identify {unknown}
 n - 2 scrolls of magic mapping {unknown}
 p - a scroll of summoning {unknown}
Potions
 c - a potion of might {unknown}
 e - a potion of heal wounds {unknown}
 f - a potion of curing {unknown}
 g - a potion of lignification {unknown}
 i - a potion of ambrosia {unknown}
 k - a potion of cancellation {unknown}


   Skills:
 + Level 4.5 Fighting
 + Level 4.5 Axes
 + Level 0.2(2.7) Polearms
 + Level 2.6 Armour
 + Level 3.2 Dodging


You had 3 spell levels left.
You didn't know any spells.
Your spell library was empty.

Dungeon Overview and Level Annotations

Branches:
Dungeon (3/15)

Altars:


Innate Abilities, Weirdness & Mutations

You have a pair of horns on your head.
You reflexively headbutt those who attack you in melee.


Message History

You hear the slow rusting of a drain very nearby.
Things that are here:
a +0 club; 2 stones
Things that are here:
a +0 short sword; an orc corpse
There is an escape hatch in the ceiling here.
An orc priest and an orc come into view.
The orc shouts!
The orc priest shouts!
An orc comes into view. It is wielding a +0 flail.
An orc comes into view. It is wielding a +0 hand axe.
The orc priest looks satisfied for a moment.
You completely miss the orc. Your headbutt misses the orc.
The orc closely misses you. You furiously retaliate!
You headbutt the orc!
You kill the orc!
Trog accepts your kill.
A rat comes into view.
An orc comes into view. It is wielding a +0 hand axe.
Things that are here:
a +0 hand axe; a +0 ring mail The orc priest hits you with a +0 mace!
The orc hits you with a +0 flail!
You hit the orc priest but do no damage.
You punch the orc priest, but do no damage.
The rat bites you. The orc priest hits you with a +0 mace.
The orc priest hits you with a +0 mace!
* * * LOW HITPOINT WARNING * * *
The orc closely misses you. The rat misses you.
You barely miss the orc priest.
The orc priest looks encouraged for a moment.
The orc hits you with a +0 flail!
* * * LOW HITPOINT WARNING * * *
The rat bites you.
* * * LOW HITPOINT WARNING * * *
The orc closely misses you.
You hit the orc priest.
The orc priest is moderately wounded.
The orc barely misses you. You furiously retaliate!
You headbutt the orc!
You kill the orc!
Trog accepts your kill. The orc barely misses you.
The orc priest hits you with a +0 mace.
You die...

#.# #.# #.# ##.##
... #.# ####r####
#..))@oo# #.##o##.#
#.##... .. #######
#.#####.##..
....).######<#####.#
##
#####.#............#
...##.#.##.##.#.####
##.##.#.##.# .# #
##...)..)..# .#


You could see an orc priest, 2 orcs and a rat.

Vanquished Creatures
  3 adders (D:2)
  A worm (D:2)
  3 orcs (D:3)
  5 ball pythons
  5 endoplasms
  3 giant cockroaches
  4 goblins
  3 jackals (D:1)
  3 quokkas
  3 bats
  2 frilled lizards (D:1)
  5 kobolds
  3 rats
43 creatures vanquished.

Notes
Turn   | Place    | Note
-------+----------+-------------------------------------------
     0 | D:1      | Decipherer the Minotaur Berserker began the quest for the
                  | Orb.
     0 | D:1      | Reached XP level 1. HP: 19/19 MP: 0/0
   134 | D:1      | Reached XP level 2. HP: 17/27 MP: 1/1
   816 | D:2      | Reached ** piety under Trog
   863 | D:2      | Reached XP level 3. HP: 34/34 MP: 2/2
  1319 | D:2      | Reached XP level 4. HP: 40/41 MP: 3/3
  1766 | D:3      | Slain by an orc priest

Illustrated notes

Levels and vault maps discovered:
D:1:      evilmike_arrival_plus, layout_loops_ring
D:2:      layout_loops_ring, minivault_4
D:3:      layout_loops_cross, mainiacjoe_overflow_tiny_flanked,
          amcnicky_altar_gilded, gup_sewer_entry_spiral, uniq_sigmund

Skill      XL: |  1  2  3 |
---------------+----------+-----
Fighting       | 4 |  4.5
Axes           | 4 |  4.5
Dodging        | 3 |  3.2
Polearms       | |  0.2
Armour         | |  2.6

Action                   |  1- 3 |  4- 6 || total
-------------------------+-------+-------++-------
Melee: Hand axe          |    57 |       ||    57
       Headbutt          |     9 |       ||     9
       Trident           |    11 |    16 ||    27
       Punch             |       |     1 ||     1
Invok: Berserk           |     1 |       ||     1
Armor: Animal skin       |    16 |     1 ||    17
Dodge: Dodged            |    44 |    12 ||    56

Table legend: (Time is in decaauts)
 A = Elapsed time spent in this place.
 B = Non-inter-level travel time spent in this place.
 C = Inter-level travel time spent in this place.
 D = Time resting spent in this place.
 E = Time spent auto-exploring this place.
 F = Levels seen in this place.
 G = Mean time per level.
                   A        B        C        D        E       F      G
               +--------+--------+--------+--------+--------+-----+--------+
         Total |   1783 |   1717 |     66 |      0 |   1408 |   3 |  594.3 |
       Dungeon |   1783 |   1717 |     66 |      0 |   1408 |   3 |  594.3 |
               +--------+--------+--------+--------+--------+-----+--------+

Top non-repeatable levels by time:
     D:2: 884 daAuts
     D:1: 825 daAuts
     D:3: 73 daAuts
